 Dungeon Crawl Stone Soup version 0.27-a0-1416-g941b2bd30b (webtiles) character file.

Game seed: 1748198399096555101

4 Brandom the Insei (level 1, -1/13 HPs)
             Began as an Octopode Transmuter on July 1, 2021.
             Slain by a quokka (4 damage)
             ... on level 1 of the Dungeon.
             The game lasted 00:00:32 (139 turns).

Brandom the Insei (Octopode Transmuter)              Turns: 139, Time: 00:00:32

Health: -1/13      AC:  1    Str:  9    XL:     1   Next: 60%
Magic:  3/3        EV: 13    Int: 15    God:
Gold:   15         SH:  0    Dex: 12    Spells: 3/4 levels left

rFire    . . .     SeeInvis .     - Unarmed
rCold    . . .     Faith    .   (no shield)
rNeg     . . .     Spirit   .   (helmet restricted)
rPois    .         Reflect  .   (no amulet)
rElec    .         Harm     .   (no ring)
rCorr    .         Rampage  .   (no ring)
Will     .....                  (no ring)
Stlth    ++........             (no ring)
HPRegen  0.04/turn              (no ring)
MPRegen  0.08/turn              (no ring)
                                (no ring)
                                (no ring)

@: no status effects
A: almost no armour, amphibious, 8 rings, camouflage 1, gelatinous body 1,
(nimble swimmer 1), tentacles
a: no special abilities


You were on level 1 of the Dungeon.
You visited 1 branch of the dungeon, and saw 1 of its levels.

You collected 15 gold pieces.

Inventory:

Potions
 a - a potion of curing {unknown}


   Skills:
 * Level 1.2 Fighting
 + Level 2.0 Dodging
 + Level 3.0 Unarmed Combat
 + Level 2.0 Spellcasting
 + Level 2.0 Transmutations


You had 3 spell levels left.
You knew the following spells:

 Your Spells              Type           Power      Damage    Failure   Level
a - Beastly Appendage     Tmut           14%        N/A       10%         1

Your spell library contained the following spells:

 Spells                   Type           Power      Damage    Failure   Level
 Wereblood                Tmut           7%         N/A       14%         2
 Spider Form              Tmut/Pois      2%         N/A       41%         3
 Ice Form                 Ice/Tmut       4%         N/A       82%         4


Dungeon Overview and Level Annotations

Branches:
Dungeon (1/15)

Altars:


Innate Abilities, Weirdness & Mutations

You cannot wear most types of armour.
You are amphibious.
You can wear up to eight rings at the same time.
Your skin changes colour to match your surroundings (Stealth+).
Your rubbery body absorbs attacks. (AC +1, EV +1)
((You are camouflaged near water. (Stealth+)))
You have tentacles for arms and can constrict up to eight enemies at once.


Message History

Your tentacle spike disappears.
There is an escape hatch in the floor here.
Found a sedimented blue potion.
Found 15 gold pieces.
a - a sedimented blue potion You now have 15 gold pieces.
Found a metallic pink potion.
A quokka and a hobgoblin come into view.
The hobgoblin shouts!
Unknown command.
A giant cockroach comes into view.
A hobgoblin comes into view.
You miscast Beastly Appendage.
You are very lightly contaminated with residual magic.
Nothing appears to happen.
The hobgoblin shouts!
One of your tentacles grows a vicious spike.
Your transformation is almost over.
The hobgoblin hits you.
You tentacle-slap the hobgoblin. You grab the hobgoblin.
You pierce the hobgoblin.
You constrict the hobgoblin, but do no damage.
The quokka closely misses you. The hobgoblin misses you.
You tentacle-slap the hobgoblin.
You kill the hobgoblin!
The quokka closely misses you.
A giant cockroach comes into view.
The quokka bites you.
You tentacle-slap the giant cockroach. You grab the giant cockroach.
Your tentacle spike misses the giant cockroach.
You constrict the giant cockroach. The giant cockroach barely misses you.
The quokka bites you.
You tentacle-slap the giant cockroach but do no damage.
You pierce the giant cockroach, but do no damage.
You constrict the giant cockroach. The giant cockroach bites you.
* * * LOW HITPOINT WARNING * * *
The quokka barely misses you.
You tentacle-slap the giant cockroach.
You kill the giant cockroach!
The quokka bites you.
* * * LOW HITPOINT WARNING * * *
Your magical contamination has completely faded away.
The quokka barely misses you.
Your tentacle spike disappears.
The quokka bites you but does no damage.
The quokka bites you but does no damage.
The quokka closely misses you. The quokka barely misses you.
The quokka bites you.
You die...

...#......♣##.'...#.#........#
..........♣#..#.♣.'.#.....#...
..........##'##...'.......#.##
...........+..#####.#.........
...........##.<# ♣♣♣.#.........
...........##### ♣⌠..#....##..#
............#####♣♣♣.#......#
.......†........#######.###....
.............##.@r....#.## ##.
.............######g.....#
.............######......#
.........##...B.g........#
.......#.......####......##
.......##......# #.......#
.......###.....# #......##
.......# #..>..# #......#
.......# #.....# #......#


You could see a quokka and a hobgoblin.

Vanquished Creatures
  A giant cockroach (D:1)
  2 hobgoblins (D:1)
3 creatures vanquished.

Notes
Turn   | Place    | Note
-------+----------+-------------------------------------------
     0 | D:1      | Brandom the Octopode Transmuter began the quest for the
                  | Orb.
     0 | D:1      | Reached XP level 1. HP: 13/13 MP: 3/3
   139 | D:1      | Slain by a quokka

Illustrated notes

Levels and vault maps discovered:
D:1:      sevenhm_arrival_forest_fort_small_3, layout_rooms,
          ebering_ecumenical_altar_mist

Action                   || total
-------------------------++-------
Melee: Unarmed           ||     6
       Kick              ||     3
       Constrict         ||     2
 Cast: Beastly Appendage ||     2
Armor: Skin              ||     2
Dodge: Dodged            ||     8

Table legend: (Time is in decaauts)
 A = Elapsed time spent in this place.
 B = Non-inter-level travel time spent in this place.
 C = Inter-level travel time spent in this place.
 D = Time resting spent in this place.
 E = Time spent auto-exploring this place.
 F = Levels seen in this place.
 G = Mean time per level.
                   A        B        C        D        E       F      G
               +--------+--------+--------+--------+--------+-----+--------+
         Total |    138 |    138 |      0 |      0 |     93 |   1 |  138.0 |
       Dungeon |    138 |    138 |      0 |      0 |     93 |   1 |  138.0 |
               +--------+--------+--------+--------+--------+-----+--------+

Top non-repeatable levels by time:
     D:1: 138 daAuts
